 Dungeon Crawl Stone Soup version 0.29-a0-575-g0dc89cf053 (webtiles) character file.

Game seed: 10459831711711460263

48 DocClef the Covert (level 3, 0/35 HPs)
             Began as a Gnoll Delver on June 12, 2022.
             Slain by a gnoll
             ... wielding a +0 flail
             ... led by a gnoll shaman
              (10 damage)
             ... on level 3 of the Dungeon.
             The game lasted 00:00:48 (487 turns).

DocClef the Covert (Gnoll Delver)                    Turns: 487, Time: 00:00:49

Health: 0/35       AC:  3    Str: 11    XL:     3   Next: 72%
Magic:  4/4        EV: 17    Int:  9    God:
Gold:   45         SH:  0    Dex: 15    Spells: 3/3 levels left

rFire   . . .      SeeInvis .   a - +0 short sword
rCold   . . .      Faith    .   (no shield)
rNeg    . . .      Spirit   .   b - +0 leather armour
rPois   .          Reflect  .   (no helmet)
rElec   .          Harm     .   (no cloak)
rCorr   .          Rampage  .   (no gloves)
Will    .....                   (no boots)
Stlth   ++++......              (no amulet)
HPRegen 0.11/turn               k - +4 ring of evasion
MPRegen 0.09/turn               (no ring)

@: no status effects
A: fangs 1, strong nose, distributed training
a: no special abilities


You were on level 3 of the Dungeon.
You visited 1 branch of the dungeon, and saw 3 of its levels.

You collected 45 gold pieces.

Inventory:

Hand Weapons
 a - a +0 short sword (weapon)
Armour
 b - a +0 leather armour (worn)
Jewellery
 k - a +4 ring of evasion (left hand)
Wands
 g - a wand of digging (3)
 n - a wand of iceblast (4)
Scrolls
 c - a scroll of fog
 d - 2 scrolls of magic mapping
 e - a scroll of fear
 i - 2 scrolls of poison {unknown}
 j - a scroll of teleportation {unknown}
 l - a scroll of identify {unknown}
Potions
 f - a potion of haste
 h - 2 potions of attraction {unknown}
 m - a potion of degeneration {unknown}


   Skills:
 + Level 6.5 Fighting
 + Level 4.5 Short Blades
 + Level 0.9 Long Blades
 + Level 0.9 Axes
 + Level 0.9 Maces & Flails
 + Level 0.9 Polearms
 + Level 0.9 Staves
 + Level 0.9 Slings
 + Level 0.9 Bows
 + Level 0.9 Crossbows
 + Level 0.9 Throwing
 + Level 0.9 Armour
 + Level 4.5 Dodging
 + Level 9.6 Stealth
 + Level 0.9 Shields
 + Level 0.9 Unarmed Combat
 + Level 0.9 Spellcasting
 + Level 0.6 Conjurations
 + Level 0.6 Hexes
 + Level 0.6 Summonings
 + Level 0.6 Necromancy
 + Level 0.6 Translocations
 + Level 0.6 Transmutations
 + Level 0.6 Fire Magic
 + Level 0.6 Ice Magic
 + Level 0.6 Air Magic
 + Level 0.6 Earth Magic
 + Level 0.6 Poison Magic
 + Level 1.0 Invocations
 + Level 0.9 Evocations


You had 3 spell levels left.
You didn't know any spells.
Your spell library was empty.

Dungeon Overview and Level Annotations

Branches:
Dungeon (5/15)
 Temple: D:4-7

Altars:

Annotations:
D:3 Grinder
D:5 Pikel


Innate Abilities, Weirdness & Mutations

You have very sharp teeth.
Your uncanny sense of smell can sniff out nearby items.
Your experience applies equally to all skills.


Message History

The helpless worm fails to defend itself.
You stick the worm like a pincushion!!!
You kill the worm!
The gnoll barely misses you. The gnoll misses you.
Things that are here:
a wand of iceblast (4); a worm corpse
n - a wand of iceblast (4)
The gnoll closely misses you. The gnoll hits you with a +0 flail.
The gnoll attacks as you move away! The gnoll closely misses you.
The gnoll hits you with a +0 flail! The gnoll attacks as you move away!
The gnoll closely misses you. The gnoll attacks as you move away!
The gnoll barely misses you. The gnoll completely misses you.
The gnoll attacks as you move away! The gnoll completely misses you.
You hit the gnoll.
The gnoll is lightly wounded.
The gnoll misses you.
You closely miss the gnoll.
The gnoll is lightly wounded.
The gnoll barely misses you. The gnoll misses you.
You barely miss the gnoll. Your bite misses the gnoll.
The gnoll is lightly wounded.
The gnoll completely misses you.
You closely miss the gnoll.
The gnoll is lightly wounded.
The gnoll closely misses you. The gnoll misses you.
You hit the gnoll but do no damage. You bite the gnoll, but do no damage.
The gnoll is lightly wounded.
The gnoll hits you with a +0 flail.
* * * LOW HITPOINT WARNING * * *
The rat misses you.
You barely miss the gnoll.
The gnoll is lightly wounded.
The gnoll barely misses you. The rat barely misses you.
You hit the gnoll. Your bite misses the gnoll.
The gnoll is moderately wounded.
The gnoll hits you with a +0 flail!
You die...

### ..# # #.#
#####.####.###
......r@g....#
.####.####.#.#
#.####.#
#..>†..#
#...$...........
#........#..#.##
#........#..#
#.....r.....#∆
#5=..........


You could see a gnoll (fast) and a rat.

Vanquished Creatures
  A hound (D:4)
  An adder (D:4)
  A worm (D:3)
  A dart slug (D:4)
  An orc (D:4)
  A ball python (D:4)
  A hobgoblin (D:4)
7 creatures vanquished.

Notes
Turn   | Place    | Note
-------+----------+-------------------------------------------
     0 | D:5      | Reached skill level 9 in Stealth
     0 | D:5      | DocClef the Gnoll Delver began the quest for the Orb.
     0 | D:5      | Reached XP level 1. HP: 23/23 MP: 1/1
    94 | D:5      | Noticed a lemure
    97 | D:5      | Noticed Pikel
   135 | D:4      | Noticed a hound
   151 | D:4      | Killed a hound
   152 | D:4      | Reached XP level 2. HP: 11/29 MP: 1/3
   152 | D:4      | Reached XP level 3. HP: 14/35 MP: 1/4
   364 | D:4      | Reached skill level 1 in Invocations
   471 | D:3      | Noticed Grinder
   487 | D:3      | Slain by a gnoll

Illustrated notes

Levels and vault maps discovered:
D:3:      minmay_inner_zag, layout_loops_cross, uniq_terence, uniq_grinder
D:4:      layout_loops_ring, minivault_24, minmay_pentangle
D:5:      layout_cave_pods, minmay_temple_entry_tees, uniq_eustachio,
          uniq_prince_ribbit1, uniq_pikel

Skill      XL: |  1  2  3 |
---------------+----------+-----
Stealth        | |  9.6
Invocations    | 1 |  1.0
Fighting       | |  6.5
Short Blades   | |  4.5
Long Blades    | |  0.9
Axes           | |  0.9
Maces & Flails | |  0.9
Polearms       | |  0.9
Staves         | |  0.9
Slings         | |  0.9
Bows           | |  0.9
Crossbows      | |  0.9
Throwing       | |  0.9
Armour         | |  0.9
Dodging        | |  4.5
Shields        | |  0.9
Unarmed Combat | |  0.9
Spellcasting   | |  0.9
Conjurations   | |  0.6
Hexes          | |  0.6
Summonings     | |  0.6
Necromancy     | |  0.6
Translocations | |  0.6
Transmutations | |  0.6
Fire Magic     | |  0.6
Ice Magic      | |  0.6
Air Magic      | |  0.6
Earth Magic    | |  0.6
Poison Magic   | |  0.6
Evocations     | |  0.9

Action                   || total
-------------------------++-------
Melee: Short sword       ||    34
       Bite              ||     3
       Punch             ||     1
 Stab: Sleeping          ||     4
Armor: Leather armour    ||     1
Dodge: Dodged            ||    54

Table legend: (Time is in decaauts)
 A = Elapsed time spent in this place.
 B = Non-inter-level travel time spent in this place.
 C = Inter-level travel time spent in this place.
 D = Time resting spent in this place.
 E = Time spent auto-exploring this place.
 F = Levels seen in this place.
 G = Mean time per level.
                   A        B        C        D        E       F      G
               +--------+--------+--------+--------+--------+-----+--------+
         Total |    482 |    482 |      0 |    179 |    189 |   3 |  160.7 |
       Dungeon |    482 |    482 |      0 |    179 |    189 |   3 |  160.7 |
               +--------+--------+--------+--------+--------+-----+--------+

Top non-repeatable levels by time:
     D:4: 363 daAuts
     D:5: 103 daAuts
     D:3: 15 daAuts
